Capitals vs Predators

Created - March 11 2012 at 12:47

Goals
1 2 3 T
Capitals 3 1 1 5
Predators 0 0 0 0
Shots
1 2 3 T
Capitals 14 7 12 33
Predators 5 11 10 26

Period #1

1. Capitals , Matt Stajan 8 (Kimmo Timonen, Alexei Kovalev) at 8:29
2. Capitals , Taylor Hall 31 (Ryan McDonagh, Trent Hunter) at 11:09
3. Capitals , Alexander Semin 45 (Tomas Fleischmann, Willie Mitchell) at 18:14

Penalties :
Braydon Coburn (NSH) for Holding (Minor) at 1:15, Ryane Clowe (WSH) for High sticking (Double Minor) at 1:17, Brent Burns (NSH) for Hooking (Minor) at 5:49, Patric Hornqvist (NSH) for High sticking (Minor) at 19:33

Period #2

4. Capitals , Alexander Ovechkin 39 (Alexander Semin, Mike Green) at 0:26 (PP)

Penalties :
Shea Weber (NSH) for Boarding (Minor) at 4:34, Marc Methot (WSH) for Tripping (Minor) at 8:49, Marian Gaborik (NSH) for Cross-checking (Minor) at 19:12

Period #3

5. Capitals , Ryane Clowe 23 (Alexei Kovalev, Marc Methot) at 7:44 (PP)

Penalties :
Chad LaRose (NSH) for Cross-checking (Minor) at 3:32, Chris Neil (NSH) for Interference (Minor) at 7:21, Brent Burns (NSH) for Fighting (Major) at 9:37, Ryane Clowe (WSH) for Fighting (Major) at 9:37, Brent Burns (NSH) for instigated a fight (Game Misconduct) at 9:37, Alexander Ovechkin (WSH) for Tripping (Minor) at 9:49, Jeff Carter (NSH) for Holding (Minor) at 11:43, Marian Gaborik (NSH) for Fighting (Major) at 15:42, Douglas Murray (WSH) for Fighting (Major) at 15:42, Mike Green (WSH) for Hooking (Minor) at 17:36

Goalie Stats

Jimmy Howard (WSH), 26 saves from 26 shots - (1.000), W, 40-17-3, 60:00 minutes
Dwayne Roloson (NSH), 11 saves from 15 shots - (0.733), L, 9-7-1, 20:26 minutes
Pekka Rinne (NSH), 17 saves from 18 shots - (0.944), 39:34 minutes

Players Stats

Capitals
Player Name              G  A  P  +/- PIM S  H  SB FO    MP 
------------------------------------------------------------
Alexander Ovechkin       1  0  1   1  2   6  3  0  0/1   20 
Alexander Semin          1  1  2   1  0   5  1  1  0/0   21 
Alexei Kovalev           0  2  2   1  0   0  0  0  1/3   11 
David Desharnais         0  0  0   1  0   1  0  0  19/32 22 
Douglas Murray           0  0  0   1  5   0  4  0  0/0   13 
Jeff Halpern             0  0  0   1  0   0  0  0  7/23  17 
Kimmo Timonen            0  1  1   1  0   1  0  3  0/0   21 
Marc Methot              0  1  1   1  2   1  1  0  0/0   19 
Mathieu Perreault        0  0  0   0  0   0  0  0  0/0   0  
Matt Stajan              1  0  1   1  2   1  0  0  10/23 20 
Mike Green               0  1  1   0  2   1  0  0  0/0   17 
Ryan McDonagh            0  1  1   1  0   1  1  5  0/0   17 
Ryane Clowe              1  0  1   0  9   3  5  2  1/2   15 
Steve Eminger            0  0  0   1  0   0  1  0  0/0   6  
Taylor Hall              1  0  1   1  0   10 1  0  2/3   17 
Tomas Fleischmann        0  1  1   1  0   2  0  0  1/1   19 
Trent Hunter             0  1  1   1  0   0  1  0  0/0   13 
Willie Mitchell          0  1  1   1  0   1  0  3  0/0   21 
Predators
Player Name              G  A  P  +/- PIM S  H  SB FO    MP 
------------------------------------------------------------
Brandon Prust            0  0  0  -1  0   0  0  0  0/0   6  
Braydon Coburn           0  0  0  -2  2   1  1  2  0/0   21 
Brent Burns              0  0  0  -3  17  0  1  1  0/0   17 
Chad LaRose              0  0  0   0  2   1  1  2  0/0   13 
Chris Neil               0  0  0  -1  2   0  2  0  1/2   9  
Cody Franson             0  0  0   0  0   0  0  0  0/0   17 
Jeff Carter              0  0  0  -2  2   6  1  1  2/5   20 
Marian Gaborik           0  0  0   0  7   3  0  0  1/1   16 
Max Pacioretty           0  0  0   0  0   0  2  0  1/1   16 
Mikhail Grabovski        0  0  0  -2  0   3  2  0  12/20 16 
Nicklas Backstrom        0  0  0   0  0   4  0  1  14/24 20 
Patric Hornqvist         0  0  0   0  2   1  2  0  0/2   13 
Paul Gaustad             0  0  0  -1  0   2  0  0  6/15  15 
Shea Weber               0  0  0  -1  2   1  5  2  0/0   24 
Steven Stamkos           0  0  0  -2  0   3  1  0  4/8   21 
T.J. Galiardi            0  0  0   0  0   1  0  0  6/10  5  
Tomas Kaberle            0  0  0   0  0   0  1  1  0/0   22 
Zbynek Michalek          0  0  0   0  0   0  1  0  0/0   18 

3 Stars

1 - Jimmy Howard (WSH)
2 - Alexander Semin (WSH)
3 - Taylor Hall (WSH)

Power Play

Capitals - 2 on 9 Attempt(s) - 22.22%
Predators - 0 on 5 Attempt(s) - 0.00%

Penalty Kill

Capitals - 5 on 5 Attempt(s) - 100.00% - Score 0 goal in Penalty Kill
Predators - 7 on 9 Attempt(s) - 77.78% - Score 0 goal in Penalty Kill

Game Notes

Pekka Rinne enters game at 0:26 of 2nd period
Brent Burns and Ryane Clowe fight to a draw at 9:37 of 3rd period
Brent Burns ejected from game at 9:37 of 3rd period
Douglas Murray beats up Marian Gaborik at 15:42 of 3rd period

Finance

Level 1 -- Attendance: 6500 (100.00%) -- Ticket Income $520,000.00
Level 2 -- Attendance: 5000 (100.00%) -- Ticket Income $260,000.00
Level 3 -- Attendance: 3500 (100.00%) -- Ticket Income $105,000.00
Level 4 -- Attendance: 1113 (100.00%) -- Ticket Income $22,260.00
Luxury Box -- Attendance: 1000 (100.00%) -- Ticket Income $135,000.00
Game was played at the Bridgestone Arena
Total Attendance: 17113 (100.00%)
Total Ticket Income: $1,114,391.00
Other Income: $217,262.10
Total Income: $1,331,653.00


Play by Play

Period #1

0:01 of 1st period - Matt Stajan wins face-off versus Nicklas Backstrom in neutral zone.
0:03 of 1st period - Alexander Ovechkin is hit by Shea Weber and loses puck.
0:07 of 1st period - Icing by Shea Weber.
0:08 of 1st period - David Desharnais wins face-off versus Nicklas Backstrom in Predators zone.
0:08 of 1st period - David Desharnais is hit by Shea Weber.
0:10 of 1st period - Shot by Alexander Semin.
0:10 of 1st period - Shot Misses the Net.
0:39 of 1st period - Tomas Fleischmann is hit by Shea Weber and loses puck.
0:52 of 1st period - Douglas Murray is hit by Patric Hornqvist and loses puck.
0:56 of 1st period - Icing by Douglas Murray.
0:57 of 1st period - Mikhail Grabovski wins face-off versus David Desharnais in Capitals zone.
1:15 of 1st period - Minor Penalty to Braydon Coburn for Holding.
1:16 of 1st period - T.J. Galiardi wins face-off versus Matt Stajan in Predators zone.
1:16 of 1st period - T.J. Galiardi is hit by Ryane Clowe.
1:17 of 1st period - Double Minor Penalty to Ryane Clowe for High sticking.
1:18 of 1st period - Nicklas Backstrom wins face-off versus Matt Stajan in Capitals zone.
1:33 of 1st period - Cody Franson is hit by Taylor Hall and loses puck.
2:12 of 1st period - Shot by Steven Stamkos.
2:12 of 1st period - Deflect By Mikhail Grabovski.
2:12 of 1st period - Shot Misses the Net.
2:36 of 1st period - Icing by Mike Green.
2:37 of 1st period - David Desharnais wins face-off versus Nicklas Backstrom in Capitals zone.
2:59 of 1st period - Shot by Marian Gaborik.
2:59 of 1st period - Shot Blocked by Ryan McDonagh.
3:01 of 1st period - Shot by Marian Gaborik.
3:01 of 1st period - Deflect By Nicklas Backstrom.
3:01 of 1st period - Stopped by Jimmy Howard with a rebound.
3:03 of 1st period - Shot by Nicklas Backstrom.
3:03 of 1st period - Shot Misses the Net.
3:33 of 1st period - Shot by Jeff Carter.
3:33 of 1st period - Stopped by Jimmy Howard with a rebound.
3:42 of 1st period - Brent Burns is hit by Ryan McDonagh and loses puck.
4:02 of 1st period - Icing by Shea Weber.
4:03 of 1st period - Chris Neil wins face-off versus Taylor Hall in Predators zone.
4:38 of 1st period - Shot by Jeff Carter.
4:38 of 1st period - Stopped by Jimmy Howard without a rebound.
4:39 of 1st period - Mikhail Grabovski wins face-off versus Jeff Halpern in Capitals zone.
5:04 of 1st period - Shot by Steven Stamkos.
5:04 of 1st period - Shot Blocked by Alexander Semin.
5:06 of 1st period - Shot by Shea Weber.
5:06 of 1st period - Shot Blocked by Ryan McDonagh.
5:08 of 1st period - Shot by Marian Gaborik.
5:08 of 1st period - Shot Blocked by Ryan McDonagh.
5:35 of 1st period - Shot by Chad LaRose.
5:35 of 1st period - Stopped by Jimmy Howard without a rebound.
5:36 of 1st period - Paul Gaustad wins face-off versus Jeff Halpern in Capitals zone.
5:36 of 1st period - Paul Gaustad is hit by Marc Methot.
5:49 of 1st period - Minor Penalty to Brent Burns for Hooking.
5:50 of 1st period - T.J. Galiardi wins face-off versus David Desharnais in Predators zone.
7:09 of 1st period - Icing by Mike Green.
7:10 of 1st period - David Desharnais wins face-off versus Paul Gaustad in Capitals zone.
7:29 of 1st period - Shot by Tomas Fleischmann.
7:29 of 1st period - Stopped by Dwayne Roloson without a rebound.
7:30 of 1st period - Ryane Clowe wins face-off versus Paul Gaustad in Predators zone.
7:43 of 1st period - Shot by Willie Mitchell.
7:43 of 1st period - Shot Misses the Net.
7:47 of 1st period - Shot by Kimmo Timonen.
7:47 of 1st period - Stopped by Dwayne Roloson without a rebound.
7:48 of 1st period - Taylor Hall wins face-off versus Paul Gaustad in Predators zone.
8:01 of 1st period - Shot by Taylor Hall.
8:01 of 1st period - Stopped by Dwayne Roloson without a rebound.
8:02 of 1st period - Mikhail Grabovski wins face-off versus Matt Stajan in Predators zone.
8:02 of 1st period - Mikhail Grabovski is hit by Alexander Ovechkin.
8:23 of 1st period - Shot by Alexei Kovalev.
8:23 of 1st period - Shot Blocked by Braydon Coburn.
8:25 of 1st period - Shot by Kimmo Timonen.
8:25 of 1st period - Shot Misses the Net.
8:29 of 1st period - Shot by Matt Stajan.
8:29 of 1st period - Goal by Matt Stajan - Capitals : 1 - Predators : 0.
8:30 of 1st period - Nicklas Backstrom wins face-off versus Jeff Halpern in neutral zone.
8:52 of 1st period - Shot by Taylor Hall.
8:52 of 1st period - Shot Misses the Net.
8:54 of 1st period - Shot by Taylor Hall.
8:54 of 1st period - Stopped by Dwayne Roloson without a rebound.
8:55 of 1st period - Steven Stamkos wins face-off versus David Desharnais in Predators zone.
11:03 of 1st period - Shot by Taylor Hall.
11:03 of 1st period - Stopped by Dwayne Roloson with a rebound.
11:07 of 1st period - Shot by Ryan McDonagh.
11:07 of 1st period - Stopped by Dwayne Roloson with a rebound.
11:09 of 1st period - Shot by Taylor Hall.
11:09 of 1st period - Goal by Taylor Hall - Capitals : 2 - Predators : 0.
11:10 of 1st period - Matt Stajan wins face-off versus Paul Gaustad in neutral zone.
12:05 of 1st period - Icing by Marc Methot.
12:06 of 1st period - Jeff Halpern wins face-off versus Jeff Carter in Capitals zone.
12:14 of 1st period - Icing by Taylor Hall.
12:15 of 1st period - Mikhail Grabovski wins face-off versus Jeff Halpern in Capitals zone.
12:22 of 1st period - Shot by Jeff Carter.
12:22 of 1st period - Stopped by Jimmy Howard without a rebound.
12:23 of 1st period - David Desharnais wins face-off versus Steven Stamkos in Capitals zone.
12:50 of 1st period - Icing by Douglas Murray.
12:51 of 1st period - David Desharnais wins face-off versus Nicklas Backstrom in Capitals zone.
13:04 of 1st period - Shot by Alexander Semin.
13:04 of 1st period - Shot Misses the Net.
13:06 of 1st period - Shot by Alexander Semin.
13:06 of 1st period - Stopped by Dwayne Roloson with a rebound.
13:38 of 1st period - Shot by Taylor Hall.
13:38 of 1st period - Shot Blocked by Jeff Carter.
13:40 of 1st period - Shot by Jeff Halpern.
13:40 of 1st period - Shot Misses the Net.
13:42 of 1st period - Shot by Taylor Hall.
13:42 of 1st period - Stopped by Dwayne Roloson with a rebound.
13:44 of 1st period - Shot by Jeff Halpern.
13:44 of 1st period - Deflect By Taylor Hall.
13:44 of 1st period - Stopped by Dwayne Roloson with a rebound.
13:46 of 1st period - Shot by Jeff Halpern.
13:46 of 1st period - Shot Misses the Net.
13:50 of 1st period - Shot by Taylor Hall.
13:50 of 1st period - Stopped by Dwayne Roloson with a rebound.
14:17 of 1st period - Icing by Jeff Carter.
14:18 of 1st period - Mikhail Grabovski wins face-off versus Matt Stajan in Predators zone.
14:42 of 1st period - Shot by Alexander Ovechkin.
14:42 of 1st period - Shot Blocked by Tomas Kaberle.
15:16 of 1st period - Icing by Kimmo Timonen.
15:17 of 1st period - Matt Stajan wins face-off versus Steven Stamkos in Capitals zone.
15:17 of 1st period - Matt Stajan is hit by Chad LaRose.
15:34 of 1st period - Kimmo Timonen is hit by Max Pacioretty and loses puck.
15:45 of 1st period - Shot by Max Pacioretty.
15:45 of 1st period - Shot Misses the Net.
15:47 of 1st period - Shot by Chad LaRose.
15:47 of 1st period - Shot Blocked by Ryane Clowe.
15:51 of 1st period - Shot by Max Pacioretty.
15:51 of 1st period - Shot Misses the Net.
16:45 of 1st period - Shot by Tomas Fleischmann.
16:45 of 1st period - Stopped by Dwayne Roloson without a rebound.
16:46 of 1st period - Jeff Halpern wins face-off versus Patric Hornqvist in Predators zone.
17:18 of 1st period - Shot by Nicklas Backstrom.
17:18 of 1st period - Shot Misses the Net.
17:20 of 1st period - Shot by Marian Gaborik.
17:20 of 1st period - Shot Blocked by Ryan McDonagh.
17:51 of 1st period - Off-side.
17:52 of 1st period - Paul Gaustad wins face-off versus David Desharnais in neutral zone.
18:14 of 1st period - Shot by Alexander Semin.
18:14 of 1st period - Goal by Alexander Semin - Capitals : 3 - Predators : 0.
18:15 of 1st period - Jeff Halpern wins face-off versus Mikhail Grabovski in neutral zone.
19:13 of 1st period - David Desharnais is hit by Shea Weber and loses puck.
19:28 of 1st period - Marian Gaborik is hit by Douglas Murray.
19:33 of 1st period - Minor Penalty to Patric Hornqvist for High sticking.
19:34 of 1st period - T.J. Galiardi wins face-off versus Jeff Halpern in Predators zone.
19:34 of 1st period - T.J. Galiardi is hit by Ryane Clowe.
19:44 of 1st period - Zbynek Michalek is hit by Ryane Clowe and loses puck.

Period #2

0:01 of 2nd period - David Desharnais wins face-off versus Paul Gaustad in neutral zone.
0:10 of 2nd period - Shot by Mike Green.
0:10 of 2nd period - Shot Misses the Net.
0:12 of 2nd period - Shot by Mike Green.
0:12 of 2nd period - Shot Blocked by Braydon Coburn.
0:14 of 2nd period - Shot by Alexander Semin.
0:14 of 2nd period - Deflect By Alexander Ovechkin.
0:14 of 2nd period - Shot Misses the Net.
0:18 of 2nd period - Shot by Alexander Semin.
0:18 of 2nd period - Shot Misses the Net.
0:22 of 2nd period - Shot by Alexander Ovechkin.
0:22 of 2nd period - Shot Misses the Net.
0:26 of 2nd period - Shot by Alexander Semin.
0:26 of 2nd period - Deflect By Alexander Ovechkin.
0:26 of 2nd period - Goal by Alexander Ovechkin - Capitals : 4 - Predators : 0.
0:26 of 2nd period - Pekka Rinne enters game.
0:27 of 2nd period - Nicklas Backstrom wins face-off versus Jeff Halpern in neutral zone.
0:45 of 2nd period - Shot by Taylor Hall.
0:45 of 2nd period - Shot Misses the Net.
1:17 of 2nd period - Icing by Patric Hornqvist.
1:18 of 2nd period - Marian Gaborik wins face-off versus Matt Stajan in Predators zone.
1:18 of 2nd period - Marian Gaborik is hit by Alexander Ovechkin.
1:21 of 2nd period - Icing by Nicklas Backstrom.
1:22 of 2nd period - Tomas Fleischmann wins face-off versus Nicklas Backstrom in Predators zone.
1:35 of 2nd period - Shot by Alexander Semin.
1:35 of 2nd period - Deflect By Tomas Fleischmann.
1:35 of 2nd period - Shot Misses the Net.
1:37 of 2nd period - Shot by Tomas Fleischmann.
1:37 of 2nd period - Shot Blocked by Shea Weber.
1:41 of 2nd period - Shot by Alexander Semin.
1:41 of 2nd period - Shot Misses the Net.
1:43 of 2nd period - Shot by Douglas Murray.
1:43 of 2nd period - Shot Misses the Net.
1:45 of 2nd period - Shot by David Desharnais.
1:45 of 2nd period - Stopped by Pekka Rinne without a rebound.
1:46 of 2nd period - Matt Stajan wins face-off versus Mikhail Grabovski in Predators zone.
1:50 of 2nd period - Icing by Braydon Coburn.
1:51 of 2nd period - Matt Stajan wins face-off versus Jeff Carter in Predators zone.
2:21 of 2nd period - Shot by Steven Stamkos.
2:21 of 2nd period - Stopped by Jimmy Howard with a rebound.
2:23 of 2nd period - Shot by Braydon Coburn.
2:23 of 2nd period - Stopped by Jimmy Howard without a rebound.
2:24 of 2nd period - David Desharnais wins face-off versus Steven Stamkos in Capitals zone.
2:48 of 2nd period - Shot by Steven Stamkos.
2:48 of 2nd period - Stopped by Jimmy Howard without a rebound.
2:49 of 2nd period - Jeff Halpern wins face-off versus Chris Neil in Capitals zone.
3:10 of 2nd period - Shot by Paul Gaustad.
3:10 of 2nd period - Stopped by Jimmy Howard without a rebound.
3:11 of 2nd period - Mikhail Grabovski wins face-off versus Matt Stajan in Capitals zone.
3:14 of 2nd period - Shot by Steven Stamkos.
3:14 of 2nd period - Deflect By Jeff Carter.
3:14 of 2nd period - Shot Misses the Net.
3:26 of 2nd period - Off-side.
3:27 of 2nd period - Steven Stamkos wins face-off versus David Desharnais in neutral zone.
4:29 of 2nd period - Shot by Ryane Clowe.
4:29 of 2nd period - Shot Misses the Net.
4:31 of 2nd period - Shot by Matt Stajan.
4:31 of 2nd period - Shot Misses the Net.
4:34 of 2nd period - Minor Penalty to Shea Weber for Boarding.
4:35 of 2nd period - Paul Gaustad wins face-off versus Matt Stajan in Predators zone.
4:35 of 2nd period - Paul Gaustad is hit by Ryane Clowe.
5:03 of 2nd period - Cody Franson is hit by Ryane Clowe and loses puck.
6:30 of 2nd period - Alexei Kovalev is hit by Brent Burns.
6:46 of 2nd period - Shot by Marian Gaborik.
6:46 of 2nd period - Shot Blocked by Ryan McDonagh.
7:08 of 2nd period - Taylor Hall is hit by Tomas Kaberle.
7:24 of 2nd period - Shot by Tomas Fleischmann.
7:24 of 2nd period - Shot Misses the Net.
7:26 of 2nd period - Shot by Alexander Semin.
7:26 of 2nd period - Shot Misses the Net.
7:28 of 2nd period - Shot by Willie Mitchell.
7:28 of 2nd period - Shot Misses the Net.
7:30 of 2nd period - Shot by Willie Mitchell.
7:30 of 2nd period - Shot Blocked by Shea Weber.
7:32 of 2nd period - Shot by Willie Mitchell.
7:32 of 2nd period - Shot Misses the Net.
7:34 of 2nd period - Shot by Willie Mitchell.
7:34 of 2nd period - Stopped by Pekka Rinne without a rebound.
7:35 of 2nd period - Jeff Halpern wins face-off versus Mikhail Grabovski in Predators zone.
7:38 of 2nd period - Shot by Alexander Ovechkin.
7:38 of 2nd period - Stopped by Pekka Rinne with a rebound.
7:47 of 2nd period - Icing by Steven Stamkos.
7:48 of 2nd period - Steven Stamkos wins face-off versus David Desharnais in Predators zone.
7:53 of 2nd period - Shot by Mikhail Grabovski.
7:53 of 2nd period - Stopped by Jimmy Howard with a rebound.
8:49 of 2nd period - Minor Penalty to Marc Methot for Tripping.
8:50 of 2nd period - Mikhail Grabovski wins face-off versus Ryane Clowe in Capitals zone.
8:53 of 2nd period - Shot by Shea Weber.
8:53 of 2nd period - Shot Blocked by Kimmo Timonen.
8:55 of 2nd period - Shot by Braydon Coburn.
8:55 of 2nd period - Shot Blocked by Ryane Clowe.
8:59 of 2nd period - Shot by Marian Gaborik.
8:59 of 2nd period - Shot Misses the Net.
9:01 of 2nd period - Shot by Steven Stamkos.
9:01 of 2nd period - Deflect By Marian Gaborik.
9:01 of 2nd period - Shot Misses the Net.
9:05 of 2nd period - Shot by Steven Stamkos.
9:05 of 2nd period - Shot Misses the Net.
9:09 of 2nd period - Shot by Shea Weber.
9:09 of 2nd period - Stopped by Jimmy Howard without a rebound.
9:10 of 2nd period - Nicklas Backstrom wins face-off versus Alexander Ovechkin in Capitals zone.
10:20 of 2nd period - Icing by Mikhail Grabovski.
10:21 of 2nd period - Mikhail Grabovski wins face-off versus Jeff Halpern in Predators zone.
10:45 of 2nd period - Shot by Nicklas Backstrom.
10:45 of 2nd period - Shot Misses the Net.
10:49 of 2nd period - Shot by Jeff Carter.
10:49 of 2nd period - Stopped by Jimmy Howard without a rebound.
10:50 of 2nd period - Paul Gaustad wins face-off versus Matt Stajan in Capitals zone.
10:50 of 2nd period - Paul Gaustad is hit by Steve Eminger.
10:59 of 2nd period - Off-side.
11:00 of 2nd period - Nicklas Backstrom wins face-off versus David Desharnais in neutral zone.
11:10 of 2nd period - Icing by Douglas Murray.
11:11 of 2nd period - Paul Gaustad wins face-off versus David Desharnais in Capitals zone.
12:25 of 2nd period - Kimmo Timonen is hit by Max Pacioretty and loses puck.
13:14 of 2nd period - Icing by Nicklas Backstrom.
13:15 of 2nd period - Mikhail Grabovski wins face-off versus David Desharnais in Predators zone.
13:15 of 2nd period - Mikhail Grabovski is hit by Alexander Semin.
15:07 of 2nd period - Shot by Alexander Ovechkin.
15:07 of 2nd period - Stopped by Pekka Rinne with a rebound.
15:11 of 2nd period - Shot by Alexander Ovechkin.
15:11 of 2nd period - Stopped by Pekka Rinne without a rebound.
15:12 of 2nd period - Nicklas Backstrom wins face-off versus Matt Stajan in Predators zone.
15:25 of 2nd period - Shot by Patric Hornqvist.
15:25 of 2nd period - Stopped by Jimmy Howard without a rebound.
15:26 of 2nd period - David Desharnais wins face-off versus Mikhail Grabovski in Capitals zone.
15:26 of 2nd period - David Desharnais is hit by Jeff Carter.
15:33 of 2nd period - Alexander Semin is hit by Mikhail Grabovski and loses puck.
15:58 of 2nd period - Shot by Jeff Carter.
15:58 of 2nd period - Stopped by Jimmy Howard without a rebound.
15:59 of 2nd period - Nicklas Backstrom wins face-off versus Jeff Halpern in Capitals zone.
16:02 of 2nd period - Shot by Marian Gaborik.
16:02 of 2nd period - Stopped by Jimmy Howard without a rebound.
16:03 of 2nd period - Nicklas Backstrom wins face-off versus Jeff Halpern in Capitals zone.
16:18 of 2nd period - Shea Weber is hit by Trent Hunter and loses puck.
17:13 of 2nd period - Shot by Ryane Clowe.
17:13 of 2nd period - Stopped by Pekka Rinne without a rebound.
17:14 of 2nd period - David Desharnais wins face-off versus Mikhail Grabovski in Predators zone.
17:33 of 2nd period - Mikhail Grabovski is hit by Douglas Murray and loses puck.
18:18 of 2nd period - Shot by Alexander Ovechkin.
18:18 of 2nd period - Deflect By Alexei Kovalev.
18:18 of 2nd period - Shot Misses the Net.
18:32 of 2nd period - Shot by Shea Weber.
18:32 of 2nd period - Shot Blocked by Kimmo Timonen.
19:03 of 2nd period - Icing by Brent Burns.
19:04 of 2nd period - Nicklas Backstrom wins face-off versus Jeff Halpern in Predators zone.
19:11 of 2nd period - Jeff Halpern is hit by Patric Hornqvist and loses puck.
19:12 of 2nd period - Minor Penalty to Marian Gaborik for Cross-checking.
19:13 of 2nd period - David Desharnais wins face-off versus T.J. Galiardi in Predators zone.
19:42 of 2nd period - Icing by Alexander Semin.
19:43 of 2nd period - T.J. Galiardi wins face-off versus David Desharnais in Capitals zone.
19:54 of 2nd period - Shot by T.J. Galiardi.
19:54 of 2nd period - Stopped by Jimmy Howard without a rebound.
19:55 of 2nd period - Paul Gaustad wins face-off versus Alexei Kovalev in Capitals zone.

Period #3

0:01 of 3rd period - David Desharnais wins face-off versus Paul Gaustad in neutral zone.
0:22 of 3rd period - Shot by Alexander Ovechkin.
0:22 of 3rd period - Shot Misses the Net.
0:26 of 3rd period - Shot by Alexander Ovechkin.
0:26 of 3rd period - Stopped by Pekka Rinne without a rebound.
0:27 of 3rd period - Jeff Carter wins face-off versus Matt Stajan in Predators zone.
1:00 of 3rd period - Shot by Marc Methot.
1:00 of 3rd period - Stopped by Pekka Rinne with a rebound.
1:02 of 3rd period - Shot by Matt Stajan.
1:02 of 3rd period - Shot Blocked by Chad LaRose.
1:28 of 3rd period - Shot by Patric Hornqvist.
1:28 of 3rd period - Shot Blocked by Kimmo Timonen.
2:41 of 3rd period - Steven Stamkos is hit by Douglas Murray.
3:02 of 3rd period - Steven Stamkos is hit by Douglas Murray and loses puck.
3:27 of 3rd period - Icing by Paul Gaustad.
3:28 of 3rd period - Max Pacioretty wins face-off versus Matt Stajan in Predators zone.
3:30 of 3rd period - Cody Franson is hit by Alexander Ovechkin and loses puck.
3:32 of 3rd period - Minor Penalty to Chad LaRose for Cross-checking.
3:33 of 3rd period - T.J. Galiardi wins face-off versus Alexei Kovalev in Predators zone.
4:43 of 3rd period - Shot by Alexander Ovechkin.
4:43 of 3rd period - Shot Misses the Net.
4:45 of 3rd period - Shot by Tomas Fleischmann.
4:45 of 3rd period - Shot Misses the Net.
4:47 of 3rd period - Shot by Alexander Semin.
4:47 of 3rd period - Stopped by Pekka Rinne with a rebound.
4:49 of 3rd period - Shot by Alexander Semin.
4:49 of 3rd period - Stopped by Pekka Rinne without a rebound.
4:50 of 3rd period - Nicklas Backstrom wins face-off versus Matt Stajan in Predators zone.
4:59 of 3rd period - Shot by Marc Methot.
4:59 of 3rd period - Shot Hit the Post.
5:08 of 3rd period - Off-side.
5:09 of 3rd period - Taylor Hall wins face-off versus T.J. Galiardi in neutral zone.
5:12 of 3rd period - Shot by Mike Green.
5:12 of 3rd period - Stopped by Pekka Rinne with a rebound.
5:16 of 3rd period - Shot by Alexander Ovechkin.
5:16 of 3rd period - Stopped by Pekka Rinne without a rebound.
5:17 of 3rd period - Alexei Kovalev wins face-off versus T.J. Galiardi in Predators zone.
5:18 of 3rd period - Shot by Alexander Ovechkin.
5:18 of 3rd period - Shot Misses the Net.
5:22 of 3rd period - Shot by Alexander Semin.
5:22 of 3rd period - Shot Misses the Net.
5:24 of 3rd period - Shot by Alexander Semin.
5:24 of 3rd period - Shot Blocked by Nicklas Backstrom.
5:26 of 3rd period - Shot by Alexei Kovalev.
5:26 of 3rd period - Shot Blocked by Brent Burns.
5:28 of 3rd period - Shot by Alexander Semin.
5:28 of 3rd period - Stopped by Pekka Rinne without a rebound.
5:29 of 3rd period - David Desharnais wins face-off versus T.J. Galiardi in Predators zone.
5:37 of 3rd period - Icing by Nicklas Backstrom.
5:38 of 3rd period - Jeff Halpern wins face-off versus Nicklas Backstrom in Predators zone.
5:40 of 3rd period - Taylor Hall is hit by Shea Weber and loses puck.
5:52 of 3rd period - Shot by Nicklas Backstrom.
5:52 of 3rd period - Stopped by Jimmy Howard without a rebound.
5:53 of 3rd period - Matt Stajan wins face-off versus Steven Stamkos in Capitals zone.
6:47 of 3rd period - Alexander Semin is hit by Zbynek Michalek and loses puck.
7:14 of 3rd period - Shot by Marian Gaborik.
7:14 of 3rd period - Stopped by Jimmy Howard with a rebound.
7:17 of 3rd period - Icing by Willie Mitchell.
7:18 of 3rd period - David Desharnais wins face-off versus Paul Gaustad in Capitals zone.
7:18 of 3rd period - David Desharnais is hit by Chris Neil.
7:21 of 3rd period - Minor Penalty to Chris Neil for Interference.
7:22 of 3rd period - Matt Stajan wins face-off versus Paul Gaustad in Predators zone.
7:22 of 3rd period - Ryane Clowe is hit by Braydon Coburn and loses puck.
7:44 of 3rd period - Shot by Ryane Clowe.
7:44 of 3rd period - Goal by Ryane Clowe - Capitals : 5 - Predators : 0.
7:45 of 3rd period - Nicklas Backstrom wins face-off versus Jeff Halpern in neutral zone.
8:08 of 3rd period - Shot by Taylor Hall.
8:08 of 3rd period - Stopped by Pekka Rinne without a rebound.
8:09 of 3rd period - Mikhail Grabovski wins face-off versus Matt Stajan in Predators zone.
8:23 of 3rd period - Shot by Steven Stamkos.
8:23 of 3rd period - Shot Misses the Net.
8:25 of 3rd period - Shot by Jeff Carter.
8:25 of 3rd period - Stopped by Jimmy Howard without a rebound.
8:26 of 3rd period - David Desharnais wins face-off versus Paul Gaustad in Capitals zone.
8:40 of 3rd period - Off-side.
8:41 of 3rd period - Mikhail Grabovski wins face-off versus Jeff Halpern in neutral zone.
8:56 of 3rd period - Shot by Taylor Hall.
8:56 of 3rd period - Stopped by Pekka Rinne with a rebound.
8:58 of 3rd period - Shot by Trent Hunter.
8:58 of 3rd period - Shot Misses the Net.
9:37 of 3rd period - Shot by Ryane Clowe.
9:37 of 3rd period - Stopped by Pekka Rinne without a rebound.
9:37 of 3rd period - Brent Burns and Ryane Clowe fight to a draw.
9:37 of 3rd period - Penalty to Brent Burns for Fighting.
9:37 of 3rd period - Penalty to Ryane Clowe for Fighting.
9:37 of 3rd period - Penalty to Brent Burns for instigated a fight.
9:37 of 3rd period - Brent Burns is ejected from game.
9:38 of 3rd period - T.J. Galiardi wins face-off versus David Desharnais in Predators zone.
9:49 of 3rd period - Minor Penalty to Alexander Ovechkin for Tripping.
9:50 of 3rd period - David Desharnais wins face-off versus Nicklas Backstrom in Capitals zone.
10:11 of 3rd period - Shot by Mikhail Grabovski.
10:11 of 3rd period - Shot Misses the Net.
11:08 of 3rd period - Shot by Taylor Hall.
11:08 of 3rd period - Stopped by Pekka Rinne with a rebound.
11:36 of 3rd period - Shot by Marian Gaborik.
11:36 of 3rd period - Shot Misses the Net.
11:43 of 3rd period - Minor Penalty to Jeff Carter for Holding.
11:44 of 3rd period - David Desharnais wins face-off versus Nicklas Backstrom in Predators zone.
11:59 of 3rd period - Shot by Marian Gaborik.
11:59 of 3rd period - Stopped by Jimmy Howard without a rebound.
12:00 of 3rd period - Jeff Halpern wins face-off versus Nicklas Backstrom in Capitals zone.
12:40 of 3rd period - Icing by Taylor Hall.
12:41 of 3rd period - Nicklas Backstrom wins face-off versus Jeff Halpern in Capitals zone.
12:42 of 3rd period - Shot by Patric Hornqvist.
12:42 of 3rd period - Deflect By Nicklas Backstrom.
12:42 of 3rd period - Shot Misses the Net.
13:45 of 3rd period - Steve Eminger is hit by Steven Stamkos and loses puck.
14:04 of 3rd period - Shot by Alexander Ovechkin.
14:04 of 3rd period - Shot Misses the Net.
14:06 of 3rd period - Shot by Alexander Ovechkin.
14:06 of 3rd period - Shot Blocked by Chad LaRose.
14:10 of 3rd period - Shot by Alexander Ovechkin.
14:10 of 3rd period - Shot Hit the Post.
14:26 of 3rd period - Icing by Steven Stamkos.
14:27 of 3rd period - Steven Stamkos wins face-off versus Jeff Halpern in Predators zone.
14:41 of 3rd period - Taylor Hall is hit by Chris Neil and loses puck.
15:32 of 3rd period - Shot by Mikhail Grabovski.
15:32 of 3rd period - Stopped by Jimmy Howard without a rebound.
15:33 of 3rd period - David Desharnais wins face-off versus Mikhail Grabovski in Capitals zone.
15:33 of 3rd period - David Desharnais is hit by Mikhail Grabovski.
15:42 of 3rd period - Douglas Murray beats up Marian Gaborik.
15:42 of 3rd period - Penalty to Marian Gaborik for Fighting.
15:42 of 3rd period - Penalty to Douglas Murray for Fighting.
15:43 of 3rd period - Matt Stajan wins face-off versus Patric Hornqvist in Predators zone.
16:00 of 3rd period - Shot by Nicklas Backstrom.
16:00 of 3rd period - Stopped by Jimmy Howard without a rebound.
16:01 of 3rd period - David Desharnais wins face-off versus Mikhail Grabovski in Capitals zone.
16:09 of 3rd period - Icing by Zbynek Michalek.
16:10 of 3rd period - Jeff Carter wins face-off versus David Desharnais in Predators zone.
16:30 of 3rd period - Shot by Jeff Carter.
16:30 of 3rd period - Shot Misses the Net.
16:52 of 3rd period - Shot by Paul Gaustad.
16:52 of 3rd period - Shot Blocked by Willie Mitchell.
16:54 of 3rd period - Shot by Shea Weber.
16:54 of 3rd period - Shot Misses the Net.
16:56 of 3rd period - Shot by Paul Gaustad.
16:56 of 3rd period - Stopped by Jimmy Howard without a rebound.
16:57 of 3rd period - Matt Stajan wins face-off versus Mikhail Grabovski in Capitals zone.
17:21 of 3rd period - Icing by Mike Green.
17:22 of 3rd period - Matt Stajan wins face-off versus Nicklas Backstrom in Capitals zone.
17:36 of 3rd period - Minor Penalty to Mike Green for Hooking.
17:37 of 3rd period - Nicklas Backstrom wins face-off versus Jeff Halpern in Capitals zone.
17:55 of 3rd period - Shot by Nicklas Backstrom.
17:55 of 3rd period - Stopped by Jimmy Howard without a rebound.
17:56 of 3rd period - Mikhail Grabovski wins face-off versus David Desharnais in Capitals zone.
18:10 of 3rd period - Shot by Shea Weber.
18:10 of 3rd period - Shot Blocked by Willie Mitchell.
18:12 of 3rd period - Shot by Shea Weber.
18:12 of 3rd period - Shot Misses the Net.
18:14 of 3rd period - Shot by Braydon Coburn.
18:14 of 3rd period - Shot Blocked by Willie Mitchell.
18:18 of 3rd period - Shot by Mikhail Grabovski.
18:18 of 3rd period - Stopped by Jimmy Howard without a rebound.
18:19 of 3rd period - Nicklas Backstrom wins face-off versus Jeff Halpern in Capitals zone.
18:20 of 3rd period - Shot by Jeff Carter.
18:20 of 3rd period - Shot Misses the Net.
19:17 of 3rd period - Shot by Steven Stamkos.
19:17 of 3rd period - Shot Misses the Net.
19:19 of 3rd period - Shot by Steven Stamkos.
19:19 of 3rd period - Stopped by Jimmy Howard without a rebound.
19:20 of 3rd period - David Desharnais wins face-off versus Jeff Carter in Capitals zone.


Output by the SimonT Hockey Simulator (STHS) for Stephane Roy -- Original Page W3C XHTML 1.0 Valid